 Dungeon Crawl Stone Soup version 0.30.1-9-gdf580d7c3d (webtiles) character file.

Game seed: 4925984475726112381

168 monsoonserge the Cutter (level 5, 0/32 HPs)
             Began as a Deep Elf Monk on Oct 9, 2023.
             Killed from afar by an orc wizard (7 damage)
             ... with a magic dart
             ... on level 3 of the Dungeon.
             The game lasted 00:06:06 (1954 turns).

monsoonserge the Cutter (Deep Elf Monk)             Turns: 1954, Time: 00:06:07

Health: 0/32       AC:  3    Str:  8      XL:     5   Next: 24%
Magic:  7/7        EV: 14    Int: 15 (17) God:
Gold:   157        SH:  0    Dex: 16 (17) Spells: 4/4 levels left

rFire   + . .        p - +2 dagger (venom)
rCold   + . .        d - orb {light}
rNeg    . . .        b - +0 robe
rPois   .            (no helmet)
rElec   .            r - scarf {rC+ rF+}
rCorr   .            l - +0 pair of gloves
SInv    .            (no boots)
Will    +....        (no amulet)
Stlth   +            u - ring of willpower
HPRegen 0.25/turn    (no ring)
MPRegen 0.10/turn

%: no passive effects
@: glowing
A: no striking features
a: no special abilities


You were on level 3 of the Dungeon.
You visited 1 branch of the dungeon, and saw 3 of its levels.

You collected 157 gold pieces.

Inventory:

Hand Weapons
 p - a +2 dagger of venom (weapon)
Missiles
 a - 2 boomerangs (quivered)
 c - 2 poisoned darts
 v - 3 datura-tipped darts
Armour
 b - a +0 robe (worn)
 d - an orb of light (worn)
 e - a +0 leather armour
 l - a +0 pair of gloves (worn)
 m - a +0 ring mail
 r - a scarf of resistance (worn)
Jewellery
 u - a ring of willpower (left hand)
Scrolls
 f - a scroll of silence {unknown}
 g - a scroll of magic mapping {unknown}
 h - 3 scrolls of identify {unknown}
 j - a scroll of noise {unknown}
 n - 3 scrolls of poison {unknown}
 o - a scroll of brand weapon {unknown}
 q - a scroll of vulnerability {unknown}
 s - 3 scrolls of blinking {unknown}
 t - 3 scrolls of teleportation {unknown}
Potions
 i - a potion of magic {unknown}
 k - 2 potions of heal wounds
 w - a potion of resistance {unknown}


   Skills:
 + Level 3.3 Fighting
 + Level 4.5 Short Blades
 - Level 0.5 Armour
 + Level 4.5 Dodging
 + Level 0.9 Stealth


You had 4 spell levels left.
You didn't know any spells.
Your spell library contained the following spells:

 Spells                   Type           Power      Damage    Failure   Level
 Hailstorm                Conj/Ice       0%         3d3       63%         3
 Ice Form                 Ice/Tmut       0%         N/A       95%         4
 Simulacrum               Ice/Necr       0%         N/A       100%        6


Dungeon Overview and Level Annotations

Branches:
Dungeon (3/15)

Altars:


Message History

You kill the orc priest!
You feel your strength returning.
You see here a +0 dagger.
An orc wizard comes into view. It is wielding a +0 dagger.
Found a faded altar of an unknown god.
The orc wizard shouts!
The goblin barely misses you.
You hit the goblin.
The goblin is poisoned.
The goblin is moderately wounded.
The goblin closely misses you.
You barely miss the goblin.
The goblin is heavily wounded.
The goblin completely misses you.
You hit the goblin.
You kill the goblin!
An orc wizard comes into view.
It is wielding a +0 vampiric short sword.
The orc wizard shouts!
Things that are here:
a +0 club; a goblin corpse The orc wizard points at you and mumbles some strange words.
The magic dart hits you.
The orc wizard gestures wildly while chanting.
The orc wizard flickers and vanishes for a moment.
You closely miss the orc wizard.
The orc wizard gestures at you while chanting.
The puff of flame hits you. You resist. The orc wizard closely misses you.
You hit the orc wizard but do no damage.
The orc wizard is poisoned.
The orc wizard barely misses you.
You hit the orc wizard.
The orc wizard is moderately wounded.
The orc wizard gestures at you while chanting.
The magic dart hits you.
You hit the orc wizard but do no damage.
The orc wizard is poisoned.
You barely miss the orc wizard.
The orc wizard hits you with a +0 vampiric short sword.
* * * LOW HITPOINT WARNING * * *
The orc wizard gestures at you while chanting.
The magic dart hits you!
You die...

#.######.#..# . ##..
#....>.....$# .##...
........##..# ....#
>.(.....###.###...###
).......# #.)...#...##
#......<# ###........##
#.......# #..).......##
#.......##._.#.........#
#...........##.o@......#
#.......#..# #...o.....#
#.......##. #.........#
......#### ...........#
##.#### ##..........#
#..# ##.........# ..##
#.......... ..
#.......... ..#


You could see 2 orc wizards.

Vanquished Creatures
  2 orc priests (D:3)
  2 orc wizards (D:3)
  A dart slug (D:1)
  7 orcs
  A ball python (D:2)
  4 endoplasms
  2 giant cockroaches
  7 goblins
  4 hobgoblins
  4 jackals (D:1)
  5 quokkas
  A bat (D:1)
  A frilled lizard (D:1)
  2 kobolds
  4 rats
47 creatures vanquished.

Notes
Turn   | Place    | Note
-------+----------+-------------------------------------------
     0 | D:1      | monsoonserge the Deep Elf Monk began the quest for the Orb.
     0 | D:1      | Reached XP level 1. HP: 13/13 MP: 3/3
   226 | D:1      | Reached XP level 2. HP: 18/18 MP: 4/4
   537 | D:1      | Reached XP level 3. HP: 6/22 MP: 5/5
  1781 | D:3      | HP: 1/22 [orc wizard/+0 dagger (2)]
  1788 | D:3      | Reached XP level 4. HP: 10/28 MP: 6/6
  1885 | D:3      | Reached XP level 5. HP: 30/32 MP: 7/7
  1943 | D:3      | Found a faded altar of an unknown god.
  1954 | D:3      | Killed from afar by an orc wizard

Illustrated notes

Levels and vault maps discovered:
D:1:      sevenhm_arrival_forest_fort_small_3, layout_basic, chequers_big_river,
          solitary_fountain, minmay_pentomino_r4
D:2:      layout_rooms, corexii_corridor_pit, kennysheep_path_1,
          kennysheep_donut
D:3:      layout_rooms, grunt_temple_overflow_open, basic_ecumenical_altar

Skill      XL: |  1  2  3 |
---------------+----------+-----
Dodging        | 4 |  4.5
Fighting       | 3 |  3.3
Short Blades   | 4 |  4.5
Armour         | |  0.5
Stealth        | |  0.9

Action                     |  1- 3 |  4- 6 || total
---------------------------+-------+-------++-------
  Melee: Short sword       |    93 |       ||    93
         Dagger            |    48 |    24 ||    72
    Use: Potion            |     4 |       ||     4
 Armour: Leather armour    |    10 |       ||    10
         Ring mail         |    12 |       ||    12
         Robe              |    10 |       ||    10
  Dodge: Dodged            |    80 |     9 ||    89
